 Dungeon Crawl Stone Soup version 0.30-b1-2-g02819fbbbe (webtiles) character file.

Game seed: 14734871244890296503

42 dorian the Insei (level 3, -1/34 HPs)
             Began as an Octopode Transmuter on May 13, 2023.
             Killed from afar by an orc wizard (4 damage)
             ... with a magic dart
             ... on level 2 of the Dungeon.
             The game lasted 00:01:27 (1034 turns).

dorian the Insei (Octopode Transmuter)              Turns: 1034, Time: 00:01:28

Health: -1/34      AC: 21    Str:  9    XL:     3   Next: 54%
Magic:  5/6        EV:  2    Int: 17    God:
Gold:   28         SH:  0    Dex: 12    Spells: 5/6 levels left

rFire   . .          .
                       - Unarmed
rCold   . . .        (no shield)
rNeg    . . .        (helmet currently unavailable)
rPois   +            (no amulet)
rElec   .            (no ring)
rCorr   .            (no ring)
SInv    .            (no ring)
Will    .....        (no ring)
Stlth   +            (no ring)
HPRegen 0.25/turn    (no ring)
MPRegen 0.10/turn    (no ring)
                     (no ring)

%: no passive effects
@: tree-form
A: stationary, stasis, torment immunity, boosted hp, almost no armour,
(amphibious), 8 rings, (camouflage 1), (gelatinous body 1), (nimble swimmer 1),
(tentacles)
a: no special abilities


You were on level 2 of the Dungeon.
You were a tree.
You visited 1 branch of the dungeon, and saw 2 of its levels.

You collected 28 gold pieces.

Inventory:

Magical Staves
 c - a staff of air
Scrolls
 b - a scroll of fog {unknown}
 d - 4 scrolls of noise {unknown}
 f - 2 scrolls of identify {unknown}
 g - a scroll of amnesia {unknown}
 h - a scroll of teleportation {unknown}
Potions
 e - 2 potions of berserk rage {unknown}


   Skills:
 + Level 1.4 Fighting
 - Level 2.0 Dodging
 * Level 3.8 Unarmed Combat
 - Level 2.0 Spellcasting
 + Level 2.8 Transmutations


You had 5 spell levels left.
You knew the following spells:

 Your Spells              Type           Power      Damage    Failure   Level
a - Beastly Appendage     Tmut           22%        N/A       6%          1

Your spell library contained the following spells:

 Spells                   Type           Power      Damage    Failure   Level
 Wereblood                Tmut           11%        N/A       10%         2
 Blink                    Tloc           2%         N/A       28%         2
 Lesser Beckoning         Tloc           2%         N/A       28%         2
 Momentum Strike          Conj/Tloc      2%         3d8       28%         2
 Spider Form              Tmut/Pois      6%         N/A       32%         3
 Ice Form                 Ice/Tmut       6%         N/A       73%         4


Dungeon Overview and Level Annotations

Branches:
Dungeon (2/15)

Altars:


Innate Abilities, Weirdness & Mutations

You are a tree.
Your roots penetrate the ground, keeping you stationary.
You cannot be teleported.
You are immune to unholy pain and torment.
Your maximum health is greatly increased.
You cannot wear most types of armour.
((You are amphibious.))
You can wear up to eight rings at the same time.
((Your skin changes colour to match your surroundings (Stealth+).))
((Your rubbery body absorbs attacks. (AC +1, EV +1)))
((You are camouflaged when in or above water. (Stealth+)))
((You have tentacles for arms and can constrict up to eight enemies at once.))


Message History

You feel sick.
Something tries to affect you, but you resist.
Found a stone staircase leading up.
You feel sick.
A magic dart appears from out of thin air!
The magic dart hits you.
You barely miss the orc. You grab the orc.
You pierce the orc.
You squeeze the orc.
The orc is heavily wounded.
You constrict the orc.
You feel sick. The orc hits you with a +0 hand axe!
* * * LOW HITPOINT WARNING * * *
Unknown command.
You release your grip on the orc.
You feel sick.
You are no longer poisoned.
You see here 7 stones.
Casting: Beastly Appendage (safe; 6% risk of failure)
Confirm with . or Enter, or press ? or * to list all spells.
Okay, then.
Unknown command.
Casting: Beastly Appendage (safe; 6% risk of failure)
Confirm with . or Enter, or press ? or * to list all spells.
You extend your transformation's duration.
You miss something. Something hits you.
* * * LOW HITPOINT WARNING * * *
You closely miss something. You squeeze something. Something hits you.
* * * LOW HITPOINT WARNING * * *
A kobold comes into view. It is wielding a +0 short sword.
Really quaff the potion of lignification?
Your tentacle spike disappears.
You turn into a tree.
Your roots penetrate the ground.
The kobold shouts!
You hear a bark!
Something hits you but does no damage.
You cannot move.
You cannot move.
You cannot move.
You barely miss something. Something hits you but does no damage.
You smack something!
You hear some strange, mumbled words.
A magic dart appears from out of thin air!
The magic dart hits you.
You die...

.## #...# #. .. #...#
#. #.##†..# #. #
#..#...# ## ##
####.##.#...##### # ..
................. ..
#.#######...##########
...#..o#####.#.# #####
#
#....o{♣....#.###...#
#
#.#...#######..##...#
#.....#......#.##...#
.......#.####.#......#
.[..<.. #........####
....... #####....'...
.....#. #....###.
+###.#. #....###.
#.....###


You could see 2 orcs.

Vanquished Creatures
  2 adders (D:2)
  4 bats
  An endoplasm (D:2)
  A goblin (D:1)
  4 hobgoblins
  4 kobolds (D:1)
  2 quokkas
  2 frilled lizards (D:1)
  3 rats
23 creatures vanquished.

Notes
Turn   | Place    | Note
-------+----------+-------------------------------------------
     0 | D:1      | dorian the Octopode Transmuter began the quest for the Orb.
     0 | D:1      | Reached XP level 1. HP: 13/13 MP: 3/3
   307 | D:1      | Reached XP level 2. HP: 18/18 MP: 5/5
   839 | D:2      | Reached XP level 3. HP: 19/23 MP: 4/6
  1031 | D:2      | HP: 1/23 [something (3)]
  1034 | D:2      | Killed from afar by an orc wizard

Illustrated notes

Levels and vault maps discovered:
D:1:      minmay_arrival_shoal_huts, layout_loops_ring, serial_forest,
          infiniplex_forest_lined_corner, infiniplex_forest_diagonal,
          infiniplex_forest_end_2, infiniplex_forest_end_double,
          infiniplex_forest_straight_4, infiniplex_forest_lined_room_3,
          infiniplex_forest_clump_curved, infiniplex_forest_straight_4,
          minmay_stone_trees_small
D:2:      layout_basic, basic_altar

Action                     || total
---------------------------++-------
  Melee: Unarmed           ||    49
         Constrict         ||    14
         Kick              ||    15
         Tentacles         ||     9
   Cast: Beastly Appendage ||    16
    Use: Potion            ||     1
   Stab: Sleeping          ||     7
 Armour: Skin              ||     7
  Dodge: Dodged            ||    19
